Map: Moonlight Madness LE (Void)

Players

DOMINATOR

  • Race: Zerg Zerg
  • League: Platinum

Javert - Winner!

  • Race: Zerg Zerg
  • League: Platinum

VOD

Have the link to the VOD?

Description

Time

  • Played on: Aug. 23, 2015, 12:46 a.m.
  • Length: 13:52
Show
View Real Time Build Order
Export as new Build Order

DOMINATOR Zerg 

Build Orders: Hatch First 

Get SALT Encoding   

  12  0:01  Drone  
  13  0:09  Drone  
  14  0:17  Overlord  
  14  0:27  Extractor  
  13  0:29  Drone, Extractor  
  13  0:30  Drone  
  16  0:39  Drone  
  17  0:44  Drone  
  18  0:55  Drone  
  19  1:07  Drone  
  19  1:10  Hatchery  
  19  1:16  Extractor  
  18  1:24  Spawning Pool  
  17  1:26  Drone  
  17  1:28  Drone  
  19  1:44  Drone  
  20  1:52  Overlord  
  21  2:01  Drone  
  21  2:11  Queen  
  21  2:13  Drone  
  24  2:22  Queen  
  26  2:24  Drone  
  26  2:25  Drone  
  28  2:33  Spine Crawler  
  27  2:38  Metabolic Boost  
  27  2:42  Baneling Nest  
  26  2:45  Drone x4  
  30  3:03  Overlord x2  
  30  3:07  Zergling x2  
  30  3:08  Zergling x2  
  32  3:15  Zergling x2  
  33  3:23  Zergling x6  
  36  3:33  Drone x4  
  40  3:40  Drone  
  41  3:46  Drone  
  42  3:54  Drone x2  
  44  3:56  Hatchery  
  40  4:11  Spine Crawler  
  40  4:13  Roach Warren  
  40  4:14  Spine Crawler x2  
  36  4:19  Zergling x8  
  36  4:20  Zergling x4  
  42  4:31  Overlord  
  41  4:53  Roach  
  41  4:54  Roach x7  
  55  5:09  Roach  
  55  5:10  Roach x2  
  61  5:17  Hatchery  
  61  5:18  Roach  
  61  5:19  Roach  
  62  5:38  Roach x3  
  62  5:41  Overlord  
  56  5:55  Roach  
  56  5:56  Roach x3  
  61  6:08  Roach  
  62  6:15  Queen  
  62  6:18  Drone x4, Extractor  
  65  6:19  Drone  
  67  6:26  Roach x2  
  67  6:30  Overlord x2  
  71  6:40  Drone x2  
  71  6:41  Drone  
  71  6:42  Spine Crawler x2  
  71  6:43  Overlord  
  72  6:49  Drone x4  
  72  6:50  Evolution Chamber x2  
  74  6:56  Drone x2  
  74  6:57  Drone x2  
  78  7:05  Roach x4  
  86  7:12  Extractor  
  83  7:25  Zergling x2  
  83  7:26  Zergling x12  
  83  7:29  Overlord x3  
  90  7:32  Zerg Missile Weapons Level 1  
  90  7:35  Extractor  
  89  7:38  Extractor  
  89  7:39  Drone  
  89  7:40  Drone  
  90  7:48  Ravager x2  
  92  7:57  Drone x2  
  92  7:58  Drone x3  
  95  7:59  Drone x5  
  95  8:03  Zerg Ground Armor Level 1  
  74  8:36  Roach x6  
  74  8:37  Roach x4  
  94  8:46  Lair  
  94  8:56  Drone x4  
  94  8:59  Spine Crawler x2  
  96  9:14  Overlord x3  
  96  9:18  Overlord  
  96  9:34  Extractor  
  96  9:37  Roach x12  
  119  9:44  Glial Reconstitution  
  119  10:01  Roach x7  
  133  10:14  Overlord x5  
  97  10:38  Roach x6  
  89  10:52  Roach, Zergling x2  
  89  10:53  Zergling x10  
  91  11:01  Hatchery  
  90  11:07  Zergling x2  
  90  11:08  Zergling x8  
  95  11:13  Baneling  
  95  11:14  Baneling x5  
  95  11:16  Roach  
  95  11:17  Roach x2  
  101  11:20  Tunneling Claws  
  101  11:24  Baneling  
  82  11:36  Overseer  
  82  11:37  Overseer  
  82  11:39  Roach  
  76  11:40  Roach x4  
  83  11:50  Roach  
  83  11:51  Roach x3  
  76  12:24  Drone  
  76  12:25  Drone x2  
  69  12:35  Roach  
  69  12:36  Roach  
Show
View Real Time Build Order
Export as new Build Order

Javert Zerg - Winner!

Build Orders: Pool First, Lurkers 

Get SALT Encoding   

  12  0:01  Drone  
  13  0:11  Drone  
  14  0:19  Overlord  
  14  0:27  Extractor  
  13  0:29  Extractor  
  13  0:30  Drone x2  
  16  0:44  Spawning Pool  
  16  0:46  Drone  
  16  0:49  Extractor  
  15  0:51  Drone  
  15  0:56  Drone  
  17  1:06  Drone  
  18  1:26  Hatchery  
  17  1:35  Roach Warren  
  17  1:37  Drone  
  17  1:38  Drone  
  18  1:50  Queen  
  20  1:57  Overlord  
  20  2:04  Drone x2  
  22  2:19  Roach  
  22  2:22  Roach  
  26  2:26  Queen  
  28  2:32  Overlord  
  28  2:47  Roach x2  
  28  2:50  Drone  
  33  3:01  Roach  
  33  3:02  Roach x3  
  41  3:12  Drone x2  
  43  3:26  Overlord  
  43  3:32  Drone  
  44  3:40  Overlord  
  44  3:47  Drone x2  
  44  3:48  Drone x3  
  49  4:09  Roach  
  57  4:10  Roach x4  
  59  4:20  Extractor  
  58  4:28  Roach  
  60  4:32  Overlord x2  
  60  4:46  Overlord x2  
  60  4:54  Lair  
  60  5:00  Drone  
  60  5:01  Drone x6  
  67  5:09  Overlord x2  
  67  5:12  Overlord  
  69  5:14  Roach  
  69  5:21  Overlord  
  69  5:23  Roach  
  67  5:40  Overlord  
  61  5:55  Drone  
  61  5:56  Drone x5  
  53  6:16  Hatchery  
  52  6:20  Extractor x2  
  52  6:22  Glial Reconstitution  
  52  6:24  Hydralisk Den  
  52  6:25  Roach  
  47  6:26  Roach x8  
  63  6:39  Drone x2  
  65  6:40  Evolution Chamber  
  65  6:41  Evolution Chamber  
  65  6:44  Drone  
  65  6:45  Drone  
  65  6:50  Ravager  
  65  6:51  Ravager  
  65  6:52  Ravager  
  68  6:55  Drone x4  
  68  6:59  Ravager  
  73  7:04  Drone x2  
  72  7:21  Roach  
  72  7:22  Roach x3  
  80  7:23  Lurker Den  
  80  7:30  Spine Crawler  
  80  7:31  Queen  
  80  7:35  Drone x4  
  80  7:36  Drone  
  86  7:42  Zerg Missile Weapons Level 1  
  86  7:45  Zerg Ground Armor Level 1  
  86  7:46  Drone x2  
  88  7:52  Overlord x2  
  88  8:12  Roach  
  88  8:14  Roach  
  88  8:15  Roach x7  
  86  8:39  Roach  
  86  8:40  Roach x9  
  104  8:48  Hydralisk  
  104  8:52  Overlord x2  
  104  8:55  Extractor  
  105  8:58  Overseer x2, Extractor  
  104  9:03  Hydralisk x3  
  104  9:04  Hydralisk  
  112  9:12  Queen  
  112  9:13  Queen  
  116  9:20  Overlord  
  116  9:21  Overlord  
  116  9:22  Drone x3  
  119  9:37  Zerg Missile Weapons Level 2  
  119  9:41  Hatchery  
  119  9:43  Extractor x2  
  116  9:47  Hydralisk x7  
  130  9:57  Drone x4  
  130  9:58  Drone x2  
  136  10:11  Hydralisk x5  
  111  10:42  Roach  
  113  10:43  Roach x8  
  121  10:53  Queen  
  121  10:56  Drone x4  
  121  10:57  Drone x5  
  127  11:02  Lurker x2  
  127  11:03  Lurker x5  
  137  11:07  Overlord  
  137  11:08  Overlord  
  137  11:16  Zergling x2  
  137  11:17  Zergling x6  
  141  11:20  Overseer  
  141  11:23  Roach x4  
  129  11:37  Roach  
  129  11:38  Roach x6  
  133  11:51  Roach x4  
  133  11:52  Roach x4  
  140  12:14  Hydralisk  
  140  12:15  Hydralisk x6  
  140  12:31  Hydralisk  
  140  12:32  Hydralisk x5  
  140  12:35  Overlord  
  149  12:39  Overlord  
  149  12:42  Overlord  
  149  12:46  Infestation Pit  
  145  12:56  Overlord x2  
  145  13:06  Queen x2  
  145  13:12  Drone x6  
  145  13:13  Overlord  
Tags
 
Add a new tag
Caveats
  • Supply blocks, unpowered buildings, or Contaminate may cause inaccurate times.
  • Supply counts are checked every 10 seconds.